 Dungeon Crawl Stone Soup version 0.21.1-1-g345015fe64 (webtiles) character file.

0 Gargoyl the Skirmisher (level 1, -5/19 HPs)
             Began as a Centaur Abyssal Knight on Apr 24, 2018.
             Was a Follower of Lugonu.
             Killed from afar by a wretched star (24 damage)
             ... with an orb of energy
             ... on level 2 of the Abyss.
             The game lasted 00:00:57 (217 turns).

Gargoyl the Skirmisher (Centaur Abyssal Knight)      Turns: 217, Time: 00:00:57

Health: -5/19      AC:  4    Str: 14    XL:     1   Next: 0%
Magic:  2/2        EV:  9    Int: 11    God:    Lugonu [*.....]
Gold:   42         SH:  0    Dex:  4    Spells: 0/0 levels left

rFire    . . .     SeeInvis .   f - +0 war axe (curse)
rCold    . . .     Gourm    .   (no shield)
rNeg     . . .     Faith    .   b - +0 leather armour
rPois    .         Spirit   .   (no helmet)
rElec    .         Reflect  .   (no cloak)
rCorr    .         Harm     .   (no gloves)
MR       .....                  (no barding)
Stlth    ..........             (no amulet)
HPRegen  0.00/turn              (no ring)
MPRegen  0.08/turn              (no ring)

@: very quick
A: large, hooves 3, [blurry vision 2], [clumsy 2], deformed body, [deterioration
2], speed 2, [inhibited regeneration], tough skin 3
a: Depart the Abyss, Renounce Religion


You were on level 2 of the Abyss.
You worshipped Lugonu.
Lugonu was aware of your devotion.
You were not hungry.

You visited 0 branches of the dungeon, and saw 0 of its levels.
You visited the Abyss 1 time.

You collected 42 gold pieces.

Inventory:

Hand Weapons
 a - a +1 hand axe
 f - a cursed +0 war axe (weapon)
Armour
 b - a +0 leather armour (worn)
Scrolls
 e - 2 scrolls of identify
Books
 d - a book of Summonings

   Spells                             Type                      Level
   a - Recall                         Summoning/Translocation      3
   b - Aura of Abjuration             Summoning                    5
   c - Summon Demon                   Summoning                    5
   d - Summon Forest                  Summoning/Translocation      5
   e - Summon Mana Viper              Hexes/Summoning              5
   f - Shadow Creatures               Summoning                    6
Comestibles
 c - a ration


   Skills:
 + Level 3.0 Fighting
 + Level 1.7 Axes
 + Level 1.3 Armour
 + Level 0.6 Dodging
 + Level 2.0 Invocations


You couldn't memorise any spells.
You didn't know any spells.

Dungeon Overview and Level Annotations

Branches:
Dungeon (0/15)

Altars:


Innate Abilities, Weirdness & Mutations

You have hooves in place of feet.
Armour fits poorly on your strangely shaped body.
You cover ground very quickly.
You have extremely tough skin. (AC +3)
[Scrolls take you longer to read.]
[You are very clumsy. (Dex -4)]
[Your body often deteriorates upon taking damage.]
[You do not regenerate when monsters are visible.]


Message History

The wretched star pulses with an eldritch light!
You feel yourself wasting away.
You feel your body start to fall apart.
A ynoxinul comes into view.
The ynoxinul bellows!
The ynoxinul gestures.
The ynoxinul gestures.
The ufetubus barely misses you.
The ufetubus hits you but does no damage.
A ynoxinul opens the door.
A wretched star comes into view.
The ufetubus disappears in a puff of smoke!
The wretched star pulses with an eldritch light!
Your vision blurs. x2; Your regeneration stops near monsters.
Found 29 gold pieces.
The wretched star pulses with an eldritch light!
You feel clumsy. x2
The wretched star glows turbulently.
The orb of energy hits you!
Ouch! That really hurt!
You die...

##..# #.. #
##.......#.. .. #
##..#.###..###.#
#...#.#### ###..#
#.#....#.##...#.#
##..............#
#......#*.......#..#
.....#..#..#.....$#
#.#....#.#...@#.. ..
#.#.ยง##..#### #
.......#.# ###..##..
.# #.# ##. #. ## #.
.. .# #.


You could see a wretched star.

Vanquished Creatures (others)
  4 starspawn tentacles (Abyss:2)
4 creatures vanquished.

Notes
Turn   | Place    | Note
-------+----------+-------------------------------------------
     0 | Abyss:1  | Gargoyl the Centaur Abyssal Knight began the quest for the Orb.
     0 | Abyss:1  | Reached XP level 1. HP: 19/19 MP: 2/2
    35 | Abyss:2  | Found a corrupted altar of Lugonu.
    54 | Abyss:2  | Noticed a tentacled starspawn
    90 | Abyss:2  | Noticed a ynoxinul
    96 | Abyss:2  | Noticed a large abomination
    98 | Abyss:2  | Noticed a large abomination
   105 | Abyss:2  | Noticed a tentacled starspawn
   180 | Abyss:2  | Noticed a hell hound
   185 | Abyss:2  | Noticed a wretched star
   192 | Abyss:2  | Noticed a ynoxinul
   209 | Abyss:2  | Noticed a wretched star
   217 | Abyss:2  | Killed from afar by a wretched star

Action                   || total
-------------------------++-------
  Use: Scroll            ||     1
Armor: Leather armour    ||     1
Dodge: Dodged            ||     1
